 Dungeon Crawl Stone Soup version 0.22-a0-422-g9628fc8 (webtiles) character file.

91639 galech the Protected (level 16, 0/124 HPs)
             Began as a Gnoll Wanderer on May 17, 2018.
             Was a High Priest of Okawaru.
             Slain by a spriggan berserker
             ... wielding a +0 quarterstaff
              (31 damage)
             ... on level 15 of the Dungeon on May 18, 2018.
             The game lasted 01:15:41 (29057 turns).

galech the Protected (Gnoll Wanderer)              Turns: 29057, Time: 01:15:42

Health: 0/124      AC: 32    Str: 17    XL:     16   Next: 3%
Magic:  24/30      EV: 17    Int: 17    God:    Okawaru [*****.]
Gold:   2279       SH: 19    Dex: 18    Spells: 33/36 levels left

rFire    + . .     SeeInvis .   P - +4 demon trident (flame)
rCold    . . .     Gourm    .   A - +0 shield
rNeg     + + .     Faith    .   d - +1 chain mail {rF+}
rPois    .         Spirit   .   Y - +2 hat {MR+}
rElec    .         Reflect  +   e - +2 cloak {+Inv}
rCorr    .         Harm     .   U - +2 pair of gloves {Str+3}
MR       ++...                  S - +2 pair of boots of Failure {*Drain rN++ Slay+3}
Stlth    +++.......             l - +5 amulet of reflection
HPRegen  0.30/turn              T - +2 ring of slaying
MPRegen  0.22/turn              r - +4 ring of protection

@: lethally poisoned (0 -> -3), heroism, finesse
A: distributed training, fangs 1, weak 1, strong nose
a: Heroism, Finesse, Renounce Religion, Evoke Invisibility


You were on level 15 of the Dungeon.
You worshipped Okawaru.
Okawaru was extremely pleased with you.
You were not hungry.

You visited 4 branches of the dungeon, and saw 24 of its levels.
You also visited: Labyrinth, Sewer and Ice Cave.

You collected 2759 gold pieces.
You spent 480 gold pieces at shops.

Inventory:

Hand Weapons
 P - a +4 demon trident of flaming (weapon)
 R - the +8 falchion of a Billion Suns {vamp, rC+ Dex-4 Stlth+, unknown}
   (You found it on level 8 of the Dungeon)

   It inflicts no extra harm, but heals its wielder when it wounds a living foe.
   It affects your dexterity (-4).
   It protects you from cold.
   It makes you more stealthy.
 V - the +5 scythe "Finisher" {speed, Str+3}
   (You found it on level 13 of the Dungeon)

   Attacks with this weapon are significantly faster.
   It affects your strength (+3).
Armour
 d - a +1 chain mail of fire resistance (worn)
 e - a +2 cloak of invisibility (worn)
 A - a +0 shield (worn)
 J - a +2 pair of gloves of dexterity
 S - the +2 pair of boots of Failure (worn) {*Drain rN++ Slay+3}
   (You found it on level 8 of the Dungeon)

   It affects your accuracy and damage with ranged weapons and melee attacks
   (+3).
   It greatly protects you from negative energy.
   It causes draining when unequipped.
 U - a +2 pair of gloves of strength (worn)
 Y - a +2 hat of magic resistance (worn)
Jewellery
 l - a +5 amulet of reflection (around neck)
 m - an uncursed ring of protection from magic
 r - a +4 ring of protection (right hand)
 w - an uncursed amulet of faith
 C - an uncursed ring of resist corrosion
 N - an uncursed ring of see invisible
 O - an uncursed ring of poison resistance
 T - a +2 ring of slaying (left hand)
Wands
 M - a wand of digging (15)
Scrolls
 a - a scroll of summoning
 h - 7 scrolls of fog
 i - 7 scrolls of remove curse
 j - 3 scrolls of magic mapping
 p - 9 scrolls of enchant armour
 q - 10 scrolls of teleportation
 y - 2 scrolls of amnesia {unknown}
 z - 2 scrolls of blinking
 F - a scroll of fear
 G - a scroll of holy word {unknown}
 K - a scroll of acquirement {unknown}
 W - a scroll of brand weapon {unknown}
 X - a scroll of torment {unknown}
Potions
 b - 2 potions of agility {unknown}
 g - 5 potions of invisibility
 k - a potion of brilliance
 n - 2 potions of flight {unknown}
 s - 4 potions of degeneration {unknown}
 t - 4 potions of heal wounds
 u - 7 potions of curing
 x - 3 potions of lignification {unknown}
 B - a potion of ambrosia {unknown}
 D - 4 potions of resistance
 E - a potion of berserk rage {unknown}
 H - 4 potions of mutation {unknown}
 I - 5 potions of might
 L - 2 potions of magic
 Z - a potion of haste {unknown}
Comestibles
 c - 3 chunks of flesh
 f - 48 rations


   Skills:
 + Level 10.6(15.6) Fighting
 + Level 10.3(15.3) Short Blades
 + Level 10.3(15.3) Long Blades
 + Level 10.3(15.3) Axes
 + Level 10.3(15.3) Maces & Flails
 + Level 10.3(15.3) Polearms
 + Level 10.3(15.3) Staves
 + Level 10.3(15.3) Slings
 + Level 10.3(15.3) Bows
 + Level 11.2(16.2) Crossbows
 + Level 10.6(15.6) Throwing
 + Level 11.2(16.2) Armour
 + Level 10.3(15.3) Dodging
 + Level 10.3(15.3) Stealth
 + Level 10.3(15.3) Shields
 + Level 10.3(15.3) Unarmed Combat
 + Level 10.7 Spellcasting
 + Level 8.7 Conjurations
 + Level 8.7 Hexes
 + Level 8.7 Charms
 + Level 8.7 Summonings
 + Level 9.0 Necromancy
 + Level 8.7 Translocations
 + Level 8.7 Transmutations
 + Level 8.7 Fire Magic
 + Level 8.7 Ice Magic
 + Level 8.7 Air Magic
 + Level 8.7 Earth Magic
 + Level 9.0 Poison Magic
 + Level 11.2 Invocations
 + Level 10.6 Evocations


You had 33 spell levels left.
You knew the following spells:

 Your Spells              Type           Power        Failure   Level  Hunger
a - Sting                 Conj/Pois      ####         1%          1    None
b - Swiftness             Chrm/Air       #####...     1%          2    None

Your spell library contained the following spells:

 Spells                   Type           Power        Failure   Level  Hunger
 Apportation              Tloc           #####.       1%          1    None
 Lightning Bolt           Conj/Air       #####.....   36%         5    #####..
 Bolt of Magma            Conj/Fire/Erth #####.....   36%         5    #####..
 Mephitic Cloud           Conj/Pois/Air  #####...     4%          3    None
 Venom Bolt               Conj/Pois      #####.....   34%         5    #####..
 Summon Small Mammal      Summ           ####         1%          1    None
 Summon Horrible Things   Summ           #####.....   100%        8    #######
 Animate Skeleton         Necr           N/A          1%          1    None
 Summon Ice Beast         Ice/Summ       #####...     14%         4    ###....
 Regeneration             Chrm/Necr      #####.....   3%          3    None
 Sublimation of Blood     Necr           #####.....   1%          2    None
 Summon Greater Demon     Summ           #####.....   100%        7    #######
 Corpse Rot               Necr           N/A          1%          2    None
 Iron Shot                Conj/Erth      #####.....   91%         6    ######.
 Stone Arrow              Conj/Erth      #####.       4%          3    None
 Shock                    Conj/Air       ####         1%          1    None
 Airstrike                Air            #####.....   14%         4    ###....
 Confusing Touch          Hex            #####.       1%          1    None
 Passwall                 Tmut/Erth      #####.....   1%          2    None
 Call Canine Familiar     Summ           #####...     4%          3    None
 Summon Butterflies       Summ           #####...     1%          1    None
 Static Discharge         Conj/Air       #####...     4%          3    None
 Lee's Rapid Deconstruct  Erth           #####.....   36%         5    #####..
 Sandblast                Erth           #####.       1%          1    None
 Monstrous Menagerie      Summ           #####.....   100%        7    #######
 Petrify                  Tmut/Erth      #####...     14%         4    ###....
 Orb of Destruction       Conj           #####.....   100%        7    #######
 Malign Gateway           Summ/Tloc      #####.....   100%        7    #######
 Summon Hydra             Summ           #####.....   100%        7    #######
 Shroud of Golubria       Chrm/Tloc      #####.....   1%          2    None
 Iskenderun's Battlesphe  Conj/Chrm      #####...     36%         5    #####..
 Infusion                 Chrm           ####         1%          1    None
 Song of Slaying          Chrm           #####...     1%          2    None
 Spectral Weapon          Hex/Chrm       #####...     4%          3    None
 Spellforged Servitor     Conj/Summ      #####.....   100%        7    #######
 Summon Mana Viper        Hex/Summ       #####...     36%         5    #####..


Dungeon Overview and Level Annotations

Branches:
Dungeon (15/15)            Temple (1/1) D:6            Lair (6/6) D:11
 Shoals (0/4) Lair:4        Snake (0/4) Lair:4        Slime (0/5) Lair:6
    Orc (2/2) D:9             Elf (0/3) Orc:2        Vaults (0/5) D:13
 Depths: D:15

Altars:
Ashenzari
Cheibriados
Fedhas
Hepliaklqana
Nemelex Xobeh
Okawaru
Qazlal
Ru
Trog
Vehumet
Wu Jian
Zin
The Shining One
Beogh
Jiyva

Shops:
D:7 =   D:8 }   D:9 (   Orc:2 ?!}(

Portals:
Pandemonium: Orc:2

Annotations:
D:7 Prince Ribbit
D:15 aspa's ghost, journeyman OpWz
Lair:3 exclusion: 3 oklob plants


Innate Abilities, Weirdness & Mutations

Your experience applies equally to all skills.
You have very sharp teeth.
Your uncanny sense of smell can sniff out nearby items.
You are weak. (Str -2)


Message History

You are too injured to fight recklessly!
You are too injured to fight recklessly!
You are too injured to fight recklessly!
You are too injured to fight recklessly!
You are too injured to fight recklessly!
You are too injured to fight recklessly!
You are too injured to fight recklessly!
You are too injured to fight recklessly!
You are too injured to fight recklessly!
You are too injured to fight recklessly!
You are too injured to fight recklessly!
You are too injured to fight recklessly!
You are too injured to fight recklessly!
You are too injured to fight recklessly!
Unknown command.
The spriggan berserker hits you with a quarterstaff!!
* * * LOW HITPOINT WARNING * * *
You feel sick.
The spriggan berserker hits you with a quarterstaff!!
You die...

........... #...#
.......###........##...#
.......# #........##(..#
.......# #........##(..#
..# .......#
#.[......##...####...#
.......#
#........##...(......#
.......#
#........##(.(.(.....#
...?...#
#........##i(c..(....#
.......#
#...(..@Y.Yci...(....#
.......#
#......Yi##W.§.(.....#
.......#
#........5§..i...(...#
...<...#
#.......§§............
.......#
#.)......♣♣♣♣♣........
.................♣♣
♣..i...
......####......♣♣ .....
......# #..#..♣ ...
####..#


You could see a death yak (berserk), 2 elephants, a centaur warrior, 3 spriggan
berserkers, a centaur, aspa's ghost and a crimson imp.

Vanquished Creatures
  Gastronok (Lair:1)
  Nessos (D:12)
  A minotaur (Lab)
  A fire dragon (Lair:6)
  An ice dragon (Lair:6)
  Harold (Lair:3)
  4 vault guards (D:13)
  3 hydras
  A rakshasa (D:14)
  2 centaur warriors (D:13)
  5 two-headed ogres
  Erica (D:8)
  7 orc high priests (Orc:2)
  3 spriggan berserkers (D:15)
  3 death yaks (D:11)
  Urug (Orc:1)
  A sun demon (Orc:2)
  An infernal demonspawn (Orc:2)
  An unseen horror (D:10)
  A torturous demonspawn (Orc:2)
  A swamp dragon (Lair:6)
  Pikel (D:5)
  A lindwurm (Lair:6)
  4 orc knights (Orc:2)
  2 cyclopes
  8 ugly things
  2 manticores (D:13)
  5 orc sorcerers (Orc:2)
  10 elephants (Lair:6)
  2 black mambas
  Joseph (D:8)
  4 merfolk sirens (Lair:4)
  Psyche (D:8)
  Maurice (D:12)
  An ice statue (D:12)
  A rust devil (Orc:2)
  5 torpor snails (Lair:6)
  8 spiny frogs
  An orange demon (Orc:2)
  9 komodo dragons
  An efreet (D:11)
  A red devil (Orc:2)
  A merfolk (D:10)
  4 tyrant leeches (Lair:6)
  2 trolls
  9 hornets (Lair:6)
  17 blink frogs
  10 hippogriffs
  4 dream sheep
  11 slime creatures
  2 shadows
  8 basilisks
  A vampire (D:13)
  5 wraiths (D:13)
  A ynoxinul (Orc:2)
  55 yaks
  3 hungry ghosts
  4 steam dragons (Lair:6)
  A chaos spawn (Orc:2)
  2 neqoxecs (Orc:2)
  Edmund (D:6)
  4 vampire mosquitoes
  4 wargs
  2 acid dragons (Lair:6)
  4 nagas (Lair:4)
  14 water moccasins
  A soldier ant (D:14)
  Duvessa (D:6)
  A swamp drake (Lair:6)
  7 porcupines
  24 orc warriors
  4 sky beasts
  16 ice beasts
  An eye of draining (D:9)
  2 phantoms
  2 black bears
  4 boggarts (D:14)
  9 ogres
  3 necrophages
  10 wolves
  3 centaurs
  15 crocodiles
  4 big kobolds
  A wyvern zombie (D:13)
  Blork the orc (D:5)
  17 bullfrogs
  2 wyvern skeletons
  5 scorpions
  Dowan (D:6)
  8 killer bees
  4 wights
  3 electric eels (Lair:6)
  4 howler monkeys
  A bullfrog zombie (D:7)
  5 crimson imps
  4 centaur zombies
  2 quasits
  2 lava snakes (D:7)
  22 orc priests
  4 centaur skeletons
  6 hounds
  7 iguanas
  2 jellies
  19 orc wizards
  Jessica (D:2)
  2 bullfrog skeletons (D:5)
  Terence (D:2)
  12 worker ants
  Natasha (thrice) (D:3)
  A hound skeleton (D:8)
  A worker ant zombie (D:9)
  4 gnolls (D:7)
  10 adders
  A shadow imp (D:11)
  An ooze (D:4)
  2 adder skeletons
  A worm (D:3)
  2 dart slugs
  8 leopard geckos
  56 orcs
  6 bats
  12 giant cockroaches
  6 goblins
  10 hobgoblins
  12 jackals
  5 quokkas
  4 ball pythons (Sewer)
  9 frilled lizards
  23 kobolds
  5 rats
  A butterfly (Lair:4)
705 creatures vanquished.

Vanquished Creatures (others)
  2 centaur warriors
  2 centaurs
  2 worker ants (D:5)
  An orc wizard (Orc:2)
  An adder skeleton (D:5)
  A goblin (D:2)
  7 fungi
  21 plants
37 creatures vanquished.

Grand Total: 742 creatures vanquished

Notes
Turn   | Place    | Note
-------+----------+-------------------------------------------
     0 | D:1      | galech the Gnoll Wanderer began the quest for the Orb.
     0 | D:1      | galech set off with: a +2 scale mail, a +0 club, a ration
     0 | D:1      | Reached XP level 1. HP: 17/17 MP: 4/4
     2 | D:1      | Learned a level 1 spell: Sting
   125 | D:1      | Reached XP level 2. HP: 22/23 MP: 5/5
   561 | D:2      | Noticed Jessica
   572 | D:2      | Killed Jessica
   572 | D:2      | Reached skill level 1 in Invocations
   572 | D:2      | Reached XP level 3. HP: 18/28 MP: 7/7
   735 | D:2      | Found a glowing golden altar of the Shining One.
   912 | D:2      | Reached skill level 1 in Short Blades
   912 | D:2      | Reached skill level 1 in Long Blades
   912 | D:2      | Reached skill level 1 in Axes
   912 | D:2      | Reached skill level 1 in Maces & Flails
   912 | D:2      | Reached skill level 1 in Polearms
   912 | D:2      | Reached skill level 1 in Staves
   912 | D:2      | Reached skill level 1 in Slings
   912 | D:2      | Reached skill level 1 in Bows
   912 | D:2      | Reached skill level 1 in Dodging
   912 | D:2      | Reached skill level 1 in Stealth
   912 | D:2      | Reached skill level 1 in Shields
   912 | D:2      | Reached skill level 1 in Unarmed Combat
   928 | D:2      | Found a blossoming altar of Fedhas.
   937 | D:2      | Reached XP level 4. HP: 25/34 MP: 8/8
  1050 | D:2      | Noticed Terence
  1065 | D:2      | Killed Terence
  1352 | D:3      | Reached skill level 1 in Conjurations
  1352 | D:3      | Reached skill level 1 in Hexes
  1352 | D:3      | Reached skill level 1 in Charms
  1352 | D:3      | Reached skill level 1 in Summonings
  1352 | D:3      | Reached skill level 1 in Translocations
  1352 | D:3      | Reached skill level 1 in Transmutations
  1352 | D:3      | Reached skill level 1 in Fire Magic
  1352 | D:3      | Reached skill level 1 in Ice Magic
  1352 | D:3      | Reached skill level 1 in Air Magic
  1352 | D:3      | Reached skill level 1 in Earth Magic
  1555 | D:3      | Reached XP level 5. HP: 17/40 MP: 9/9
  2041 | D:3      | Noticed Natasha
  2042 | D:3      | Found a snail-covered altar of Cheibriados.
  2055 | D:3      | Killed Natasha
  2235 | D:3      | Found a hazy altar of Hepliaklqana.
  2281 | D:3      | Noticed Natasha
  2289 | D:3      | Killed Natasha
  2289 | D:3      | Reached XP level 6. HP: 41/47 MP: 10/10
  2544 | D:3      | Noticed Natasha
  2554 | D:3      | Killed Natasha
  2720 | D:4      | Reached skill level 5 in Crossbows
  2720 | D:4      | Reached skill level 5 in Armour
  3069 | D:4      | Found a glowing drain.
  3083 | Sewer    | Entered a sewer
  3336 | Sewer    | Reached XP level 7. HP: 41/52 MP: 12/12
  3910 | D:5      | Entered Level 5 of the Dungeon
  4397 | D:5      | Noticed Pikel
  4398 | D:5      | Noticed Blork the orc
  4458 | D:5      | Killed Pikel
  4458 | D:5      | Reached XP level 8. HP: 50/60 MP: 12/14
  4471 | D:5      | Killed Blork the orc
  4901 | D:6      | Noticed Duvessa
  4902 | D:6      | Noticed Dowan
  5227 | D:6      | Found a staircase to the Ecumenical Temple.
  5236 | Temple   | Entered the Ecumenical Temple
  5258 | Temple   | Became a worshipper of Warmaster Okawaru
  5386 | D:6      | Killed Dowan
  5386 | D:6      | Reached XP level 9. HP: 66/66 MP: 16/16
  5461 | D:6      | Noticed Edmund
  5484 | D:6      | Killed Edmund
  5517 | D:6      | Killed Duvessa
  5844 | D:7      | Found an ornate altar of the Wu Jian Council.
  6094 | D:7      | Found Safuggeg's Jewellery Boutique.
  6182 | D:7      | Reached * piety under Okawaru
  6182 | D:7      | Reached skill level 5 in Spellcasting
  6482 | D:7      | Noticed Prince Ribbit
  6678 | D:7      | Reached skill level 5 in Fighting
  6678 | D:7      | Reached skill level 5 in Throwing
  6678 | D:7      | Reached skill level 5 in Evocations
  7842 | D:8      | Found a sacrificial altar of Ru.
  7897 | D:8      | Noticed a two-headed ogre
  7917 | D:8      | Killed a two-headed ogre
  7917 | D:8      | Reached ** piety under Okawaru
  7917 | D:8      | Reached skill level 5 in Invocations
  8275 | D:8      | Found a radiant altar of Vehumet.
  8276 | D:8      | Found a snail-covered altar of Cheibriados.
  8358 | D:8      | Reached XP level 10. HP: 62/74 MP: 18/18
  8729 | D:8      | Noticed Psyche
  8758 | D:8      | Killed Psyche
  8815 | D:8      | Noticed Joseph
  8819 | D:8      | Killed Joseph
  8819 | D:8      | Reached skill level 5 in Short Blades
  8819 | D:8      | Reached skill level 5 in Long Blades
  8819 | D:8      | Reached skill level 5 in Axes
  8819 | D:8      | Reached skill level 5 in Maces & Flails
  8819 | D:8      | Reached skill level 5 in Polearms
  8819 | D:8      | Reached skill level 5 in Staves
  8819 | D:8      | Reached skill level 5 in Slings
  8819 | D:8      | Reached skill level 5 in Bows
  8819 | D:8      | Reached skill level 5 in Dodging
  8819 | D:8      | Reached skill level 5 in Stealth
  8819 | D:8      | Reached skill level 5 in Shields
  8819 | D:8      | Reached skill level 5 in Unarmed Combat
  9006 | D:8      | Reached *** piety under Okawaru
  9087 | D:8      | Found a stormy altar of Qazlal.
  9090 | D:8      | Noticed Erica
  9110 | D:8      | Killed Erica
  9110 | D:8      | Reached skill level 5 in Necromancy
  9110 | D:8      | Reached skill level 5 in Poison Magic
  9145 | D:8      | Got a polished falchion
  9145 | D:8      | Got a pair of jewelled boots
  9156 | D:8      | Identified the +2 pair of boots of Failure {*Drain rN++ Slay+3} (You found it on level 8 of the Dungeon)
  9157 | D:8      | Got an encrusted quarterstaff
  9168 | D:8      | Found a glowing silver altar of Zin.
  9168 | D:8      | Found an iron altar of Okawaru.
  9168 | D:8      | Found a sparkling altar of Nemelex Xobeh.
  9182 | D:8      | Identified the cursed +0 quarterstaff of Cofuacent {drain, rF+ Str+2} (You found it on level 8 of the Dungeon)
  9227 | D:8      | Noticed a two-headed ogre
  9265 | D:8      | Killed a two-headed ogre
  9287 | D:8      | Reached XP level 11. HP: 29/82 MP: 20/20
  9570 | D:8      | Found a snail-covered altar of Cheibriados.
  9579 | D:8      | Reached **** piety under Okawaru
  9632 | D:8      | Noticed a two-headed ogre
  9643 | D:8      | Killed a two-headed ogre
  9936 | D:8      | Found Mossialu's Gadget Shoppe.
 10265 | D:9      | Found a staircase to the Orcish Mines.
 10265 | D:9      | Found Zarghen's Weapon Shoppe.
 10461 | D:9      | Received a gift from Okawaru
 10465 | D:9      | Reached skill level 5 in Conjurations
 10465 | D:9      | Reached skill level 5 in Hexes
 10465 | D:9      | Reached skill level 5 in Charms
 10465 | D:9      | Reached skill level 5 in Summonings
 10465 | D:9      | Reached skill level 5 in Translocations
 10465 | D:9      | Reached skill level 5 in Transmutations
 10465 | D:9      | Reached skill level 5 in Fire Magic
 10465 | D:9      | Reached skill level 5 in Ice Magic
 10465 | D:9      | Reached skill level 5 in Air Magic
 10465 | D:9      | Reached skill level 5 in Earth Magic
 10628 | D:9      | Found a bloodstained altar of Trog.
 11167 | Orc:1    | Entered Level 1 of the Orcish Mines
 11178 | Orc:1    | Noticed Urug
 11539 | Orc:1    | Killed Urug
 11539 | Orc:1    | Received a gift from Okawaru
 11685 | Orc:1    | Found a frozen archway.
 11721 | IceCv    | Entered an ice cave
 11721 | IceCv    | Noticed a white ugly thing
 11739 | IceCv    | Found a transporter.
 11744 | IceCv    | HP: 4/84 [white ugly thing (29)]
 12354 | Orc:2    | Entered Level 2 of the Orcish Mines
 12383 | Orc:2    | Found a staircase to the Elven Halls.
 12612 | Orc:2    | Found a roughly hewn altar of Beogh.
 12876 | Orc:2    | Noticed an orc high priest
 12885 | Orc:1    | Received a gift from Okawaru
 12908 | Orc:1    | Reached XP level 12. HP: 82/91 MP: 23/23
 12953 | Orc:2    | Killed an orc high priest
 12953 | Orc:2    | Reached ***** piety under Okawaru
 13186 | Orc:2    | Received a gift from Okawaru
 13198 | Orc:2    | Found Acysoo's Magic Scroll Boutique.
 13509 | Orc:2    | Found Epnam Saiho's Distillery.
 13522 | Orc:2    | Gained mutation: You are weak. (Str -2) [a neqoxec]
 13621 | Orc:2    | Bought a scroll of enchant armour for 120 gold pieces
 13621 | Orc:2    | Bought a scroll of magic mapping for 56 gold pieces
 13621 | Orc:2    | Bought a scroll of identify for 32 gold pieces
 13621 | Orc:2    | Bought a scroll of identify for 32 gold pieces
 13621 | Orc:2    | Bought a scroll of identify for 32 gold pieces
 13623 | Orc:2    | Bought a potion of curing for 39 gold pieces
 13623 | Orc:2    | Bought a potion of curing for 39 gold pieces
 13623 | Orc:2    | Bought a potion of heal wounds for 65 gold pieces
 13623 | Orc:2    | Bought a potion of heal wounds for 65 gold pieces
 13940 | Orc:2    | Found a roughly hewn altar of Beogh.
 14044 | Orc:2    | Paralysed by an orc sorcerer for 5 turns
 14259 | Orc:2    | Received a gift from Okawaru
 14497 | Orc:2    | Noticed an orc high priest
 14508 | Orc:2    | Killed an orc high priest
 14636 | Orc:2    | Received a gift from Okawaru
 14782 | Orc:2    | Noticed a sun demon
 14799 | Orc:2    | Killed a sun demon
 15050 | Orc:2    | Noticed an orc high priest
 15065 | Orc:2    | Killed an orc high priest
 15065 | Orc:2    | Received a gift from Okawaru
 15071 | Orc:2    | Noticed an orc high priest
 15074 | Orc:2    | Learned a level 2 spell: Swiftness
 15087 | Orc:2    | Killed an orc high priest
 15304 | Orc:2    | Noticed an orc high priest
 15304 | Orc:2    | Noticed an orc high priest
 15308 | Orc:2    | Killed an orc high priest
 15308 | Orc:2    | Received a gift from Okawaru
 15315 | Orc:2    | Killed an orc high priest
 15331 | Orc:2    | Reached ****** piety under Okawaru
 15331 | Orc:2    | Reached XP level 13. HP: 98/98 MP: 23/25
 15451 | Orc:2    | Received a gift from Okawaru
 15502 | Orc:2    | Received a gift from Okawaru
 15599 | Orc:2    | Found Tailekem's Gadget Emporium.
 15599 | Orc:2    | Found a one-way gate leading to the halls of Pandemonium.
 15599 | Orc:2    | Found Xaytappo's Antique Weapon Shoppe.
 15762 | D:10     | Entered Level 10 of the Dungeon
 16276 | D:10     | Received a gift from Okawaru
 16914 | D:11     | Found a staircase to the Lair.
 17264 | Lair:1   | Entered Level 1 of the Lair of Beasts
 17483 | Lair:1   | Noticed Gastronok
 17497 | Lair:1   | Killed Gastronok
 18264 | Lair:1   | Reached XP level 14. HP: 92/108 MP: 27/27
 18481 | Lair:2   | Received a gift from Okawaru
 18628 | Lair:2   | Received a gift from Okawaru
 18667 | Lair:2   | Reached skill level 10 in Crossbows
 18667 | Lair:2   | Reached skill level 10 in Armour
 18698 | Lair:2   | Received a gift from Okawaru
 18963 | Lair:2   | Found a stormy altar of Qazlal.
 19614 | Lair:3   | Noticed Harold
 19636 | Lair:3   | Killed Harold
 20527 | Lair:4   | Received a gift from Okawaru
 20850 | Lair:4   | Found a staircase to the Shoals.
 21032 | Lair:4   | Found a staircase to the Snake Pit.
 21038 | Lair:4   | Received a gift from Okawaru
 21038 | Lair:4   | Reached skill level 10 in Invocations
 22068 | Lair:6   | Entered Level 6 of the Lair of Beasts
 22095 | Lair:5   | Received a gift from Okawaru
 22100 | Lair:5   | Got encrusted ice dragon scales {god gift}
 22111 | Lair:5   | Identified the +0 ice dragon scales of Vanity {rPois rF- rC++} (Okawaru gifted it to you on level 5 of the Lair of Beasts)
 22260 | Lair:6   | Found a viscous altar of Jiyva.
 22260 | Lair:6   | Found a staircase to the Slime Pits.
 23397 | Lair:6   | Reached XP level 15. HP: 115/115 MP: 28/28
 23475 | Lair:6   | Reached skill level 10 in Spellcasting
 23664 | Lair:6   | Reached skill level 10 in Fighting
 23664 | Lair:6   | Reached skill level 10 in Throwing
 23664 | Lair:6   | Reached skill level 10 in Evocations
 24014 | Lair:6   | Found a runed door.
 24064 | Lair:6   | Paralysed by a hornet for 2 turns
 24075 | Lair:6   | Received a gift from Okawaru
 24914 | D:12     | Found a labyrinth entrance.
 24927 | Lab      | Entered a labyrinth
 25569 | D:12     | Noticed Nessos
 25580 | D:12     | Killed Nessos
 25861 | D:12     | Noticed Maurice
 25869 | D:12     | Killed Maurice
 26581 | D:13     | Reached skill level 10 in Short Blades
 26581 | D:13     | Reached skill level 10 in Long Blades
 26581 | D:13     | Reached skill level 10 in Axes
 26581 | D:13     | Reached skill level 10 in Maces & Flails
 26581 | D:13     | Reached skill level 10 in Polearms
 26581 | D:13     | Reached skill level 10 in Staves
 26581 | D:13     | Reached skill level 10 in Slings
 26581 | D:13     | Reached skill level 10 in Bows
 26581 | D:13     | Reached skill level 10 in Dodging
 26581 | D:13     | Reached skill level 10 in Stealth
 26581 | D:13     | Reached skill level 10 in Shields
 26581 | D:13     | Reached skill level 10 in Unarmed Combat
 26599 | D:13     | Received a gift from Okawaru
 26609 | D:13     | Found a gate to the Vaults.
 26894 | D:13     | Received a gift from Okawaru
 27305 | D:13     | Found the +5 scythe "Finisher" {speed, Str+3}
 28954 | D:15     | Entered Level 15 of the Dungeon
 29014 | D:15     | Noticed aspa's ghost (journeyman OpWz)
 29035 | D:15     | Reached XP level 16. HP: 82/124 MP: 23/30
 29057 | D:15     | Slain by a spriggan berserker

Vault maps used:
D:1:      dpeg_arrival_rooms_b, hex_tiny
D:2:      lemuel_doored_altar, first_ration, fedhas_altar_1, uniq_terence,
          uniq_jessica
D:3:      marbit_many_paths, kennysheep_slug_shrine, uniq_natasha
D:4:      portal_sewer_entry_f
D:5:      uniq_blork_the_orc, uniq_pikel
D:6:      minmay_temple_entry_statues_fountains, uniq_edmund, uniq_duvessa
D:7:      old_standard_altar, serial_shops, nicolae_shop_behind_doors,
          minmay_misc_feat_ornament, nicolae_lava_and_water, uniq_prince_ribbit1
D:8:      minmay_the_grid_octo_tiled_squarecenter, minitemple, basic_altar,
          serial_shops, kennysheep_mini, uniq_erica, uniq_joseph, uniq_psyche
D:9:      lightli_temple_of_fire, orc_david_3
D:10:     hangedman_fish_farm
D:11:     dpeg_lair_monsters
D:12:     serial_glass, glass_columns_c, glass_columns_a, glass_columns_a,
          glass_columns_a, glass_columns_b, lab_entry_generic, minivault_16,
          uniq_nessos, uniq_maurice
D:13:     lightli_vaults_fourway_checkpoint, minmay_guarded_unrand_finisher
D:14:     columned_hall_lemuel
D:15:     grunt_enter_depths_giant_problem, solitary_fountain,
          minmay_guarded_unrand_wrath_of_trog, uniq_josephine
Temple:   regret_index_temple_sphere_string
Lair:1:   beast_lair_carwin_large_2, uniq_gastronok
Lair:2:   basic_altar, serial_bayou_ford_a
Lair:3:   minmay_lair_oklob_chamber, uniq_harold
Lair:4:   elwin_shoals_entry_stream, minmay_snake_entry_guardpost_small,
          serial_bayou_shore_b, lemuel_fruit_fields
Lair:6:   wormcave, guppyfry_lair_end_dragon, slime_altar_1,
          serial_bayou_shore_a, grunt_megastairs_5
Orc:1:    portal_ice_cave_entry_ice_beasts, serial_shops, uniq_urug
Orc:2:    pf_orc_diabolical, basic_altar, mines1_david
Lab:      labyrinth_watery
Sewer:    sewer_frog_island_01
IceCv:    ice_cave_statue_garden_teleport

Skill      XL: |  1  2  3  4  5  6  7  8  9 10 11 12 13 14 15 |
---------------+----------------------------------------------+-----
Necromancy     | 2 3 4 5 6 7 8 9 |  9.0
Poison Magic   | 2 3 4 5 6 7 8 9 |  9.0
Invocations    | 1 2 3 4 5 6 7 8 9 10 11 | 11.2
Short Blades   | 1 2 3 4 5 6 7 8 9 10 | 10.3
Long Blades    | 1 2 3 4 5 6 7 8 9 10 | 10.3
Axes           | 1 2 3 4 5 6 7 8 9 10 | 10.3
Maces & Flails | 1 2 3 4 5 6 7 8 9 10 | 10.3
Polearms       | 1 2 3 4 5 6 7 8 9 10 | 10.3
Staves         | 1 2 3 4 5 6 7 8 9 10 | 10.3
Slings         | 1 2 3 4 5 6 7 8 9 10 | 10.3
Bows           | 1 2 3 4 5 6 7 8 9 10 | 10.3
Dodging        | 1 2 3 4 5 6 7 8 9 10 | 10.3
Stealth        | 1 2 3 4 5 6 7 8 9 10 | 10.3
Shields        | 1 2 3 4 5 6 7 8 9 10 | 10.3
Unarmed Combat | 1 2 3 4 5 6 7 8 9 10 | 10.3
Spellcasting   | 3 4 5 6 7 8 9 10 | 10.7
Conjurations   | 1 2 3 4 5 6 7 8 |  8.7
Hexes          | 1 2 3 4 5 6 7 8 |  8.7
Charms         | 1 2 3 4 5 6 7 8 |  8.7
Summonings     | 1 2 3 4 5 6 7 8 |  8.7
Translocations | 1 2 3 4 5 6 7 8 |  8.7
Transmutations | 1 2 3 4 5 6 7 8 |  8.7
Fire Magic     | 1 2 3 4 5 6 7 8 |  8.7
Ice Magic      | 1 2 3 4 5 6 7 8 |  8.7
Air Magic      | 1 2 3 4 5 6 7 8 |  8.7
Earth Magic    | 1 2 3 4 5 6 7 8 |  8.7
Fighting       | 3 4 5 6 7 8 9 10 | 10.6
Throwing       | 3 4 5 6 7 8 9 10 | 10.6
Evocations     | 3 4 5 6 7 8 9 10 | 10.6
Crossbows      | 5 6 7 8 9 10 11 | 11.2
Armour         | 5 6 7 8 9 10 11 | 11.2

Action                   |  1- 3 |  4- 6 |  7- 9 | 10-12 | 13-15 | 16-18 || total
-------------------------+-------+-------+-------+-------+-------+-------++-------
Melee: Club              |    50 |       |       |       |       |       ||    50
       Bite              |    15 |    31 |    72 |   113 |   177 |     2 ||   410
       Short sword       |    70 |   343 |   669 |   530 |       |       ||  1612
       Demon trident     |       |       |       |   396 |  1454 |    20 ||  1870
Invok: Heroism           |       |       |     1 |    15 |    14 |       ||    30
       Finesse           |       |       |       |       |     4 |       ||     4
  Use: Scroll            |       |     1 |     4 |    12 |    10 |       ||    27
       Potion            |       |       |       |     5 |       |       ||     5
 Stab: Sleeping          |       |       |       |     1 |    10 |       ||    11
       Distracted        |       |       |       |       |     5 |       ||     5
  Eat: Chunk             |       |     9 |    13 |    19 |    37 |       ||    78
       Ration            |       |       |     1 |     1 |     3 |       ||     5
Armor: Scale mail        |    75 |   195 |   183 |   186 |       |       ||   639
       Chain mail        |       |       |       |    28 |   323 |       ||   351
       Robe              |       |       |       |       |     8 |       ||     8
Dodge: Dodged            |    67 |   170 |   199 |   226 |   329 |     1 ||   992
Block: Other             |    23 |    95 |    20 |       |       |       ||   138
       Reflection        |     1 |     1 |     3 |     8 |    56 |     1 ||    70
       Shield            |       |       |   435 |   578 |   823 |     3 ||  1839

Table legend:
 A = Spawn XP
 B = Non-spawn XP
 C = Spawn XP percentage of total XP
 D = Spawn monster count
 E = Non-spawn monster count
 F = Spawn count percentage of total count
 G = Total turns spent on level
                    A         B        C        D         E        F      G
               +---------+---------+-------+---------+---------+-------+---------
         Total |       0 |  130914 |   0.0 |       0 |     711 |   0.0 | 29057
               +---------+---------+-------+---------+---------+-------+---------
           D:1 |       0 |      23 |   0.0 |       0 |      14 |   0.0 |   544
           D:2 |       0 |      97 |   0.0 |       0 |      14 |   0.0 |   585
           D:3 |       0 |     263 |   0.0 |       0 |      37 |   0.0 |  1434
           D:4 |       0 |     229 |   0.0 |       0 |      21 |   0.0 |   825
           D:5 |       0 |    1064 |   0.0 |       0 |      16 |   0.0 |  1118
           D:6 |       0 |     865 |   0.0 |       0 |      13 |   0.0 |   591
           D:7 |       0 |     658 |   0.0 |       0 |      19 |   0.0 |  2190
           D:8 |       0 |    7005 |   0.0 |       0 |      40 |   0.0 |  2237
           D:9 |       0 |    3801 |   0.0 |       0 |      50 |   0.0 |  1465
          D:10 |       0 |    2692 |   0.0 |       0 |      30 |   0.0 |   688
          D:11 |       0 |    7619 |   0.0 |       0 |      41 |   0.0 |   843
          D:12 |       0 |    7399 |   0.0 |       0 |      20 |   0.0 |   979
          D:13 |       0 |   14479 |   0.0 |       0 |      41 |   0.0 |  1254
          D:14 |       0 |    7659 |   0.0 |       0 |      25 |   0.0 |  1256
          D:15 |       0 |    2777 |   0.0 |       0 |       5 |   0.0 |   103
        Lair:1 |       0 |    8477 |   0.0 |       0 |      34 |   0.0 |  1233
        Lair:2 |       0 |    7435 |   0.0 |       0 |      33 |   0.0 |   953
        Lair:3 |       0 |    4460 |   0.0 |       0 |      15 |   0.0 |  1103
        Lair:4 |       0 |    5990 |   0.0 |       0 |      21 |   0.0 |   993
        Lair:5 |       0 |    2121 |   0.0 |       0 |      12 |   0.0 |   870
        Lair:6 |       0 |   22572 |   0.0 |       0 |      82 |   0.0 |  2433
         Orc:1 |       0 |    3132 |   0.0 |       0 |      27 |   0.0 |   952
         Orc:2 |       0 |   18475 |   0.0 |       0 |      80 |   0.0 |  3237
           Lab |       0 |    1223 |   0.0 |       0 |       1 |   0.0 |   587
         Sewer |       0 |     135 |   0.0 |       0 |      18 |   0.0 |   522
         IceCv |       0 |     264 |   0.0 |       0 |       2 |   0.0 |    29
               +---------+---------+-------+---------+---------+-------+---------
